 Dungeon Crawl Stone Soup version 0.29-a0-653-gd47aff6735 (webtiles) character file.

Game seed: 14935930933661970822

14 xian the Skirmisher (level 2, 0/26 HPs)
             Began as a Draconian Fighter on June 21, 2022.
             Succumbed to an adder's poison
             ... on level 2 of the Dungeon.
             The game lasted 00:01:50 (1320 turns).

xian the Skirmisher (Draconian Fighter)             Turns: 1320, Time: 00:01:50

Health: 0/26       AC:  4    Str: 18    XL:     2   Next: 27%
Magic:  2/2        EV: 12    Int:  8    God:
Gold:   47         SH:  4    Dex: 10    Spells: 1/1 levels left

rFire   . . .      SeeInvis .   a - +1 long sword
rCold   . . .      Faith    .   b - +0 buckler
rNeg    . . .      Spirit   .   (body armour unavailable)
rPois   .          Reflect  .   (helmet restricted)
rElec   .          Harm     .   (no cloak)
rCorr   .          Rampage  .   (no gloves)
Will    .....                   (no boots)
Stlth   +.........              (no amulet)
HPRegen 0.08/turn               (no ring)
MPRegen 0.08/turn               (no ring)

@: lethally poisoned (0 -> -5)
A: AC +4, unfitting armour, cold-blooded
a: no special abilities


You were on level 2 of the Dungeon.
You visited 1 branch of the dungeon, and saw 2 of its levels.

You collected 47 gold pieces.

Inventory:

Hand Weapons
 a - a +1 long sword (weapon)
Missiles
 g - a datura-tipped dart (quivered)
Armour
 b - a +0 buckler (worn)
Scrolls
 i - a scroll of fog {unknown}
Potions
 c - 2 potions of might
 d - a potion of magic {unknown}
 e - a potion of flight {unknown}
 f - a potion of attraction {unknown}
 h - a potion of invisibility {unknown}
 j - a potion of berserk rage {unknown}


   Skills:
 + Level 3.4 Fighting
 + Level 2.1 Long Blades
 + Level 3.0 Dodging
 + Level 3.1 Shields


You had one spell level left.
You didn't know any spells.
Your spell library was empty.

Dungeon Overview and Level Annotations

Branches:
Dungeon (2/15)

Altars:


Innate Abilities, Weirdness & Mutations

Your plain brown scales are hard. (AC +4)
You cannot fit into any form of body armour.
You are cold-blooded and may be slowed by cold attacks.


Message History

You hit the giant cockroach but do no damage.
You feel sick. The adder barely misses you.
The giant cockroach barely misses you. You block the adder's attack.
The adder barely misses the giant cockroach.
The giant cockroach closely misses you.
You barely miss the giant cockroach.
You feel sick. The adder closely misses you.
You block the giant cockroach's attack. You block the adder's attack.
You hit the giant cockroach.
The giant cockroach is almost dead.
You feel sick. You block the adder's attack. The giant cockroach misses you.
The adder bites you. The giant cockroach closely misses you.
The adder barely misses the giant cockroach.
You hit the giant cockroach.
You kill the giant cockroach!
You feel sick.
You are no longer poisoned.
The adder bites you but does no damage. x2
The adder barely misses you. You block the adder's attack.
The adder bites you but does no damage. The adder attacks as you move away!
The adder bites you. The adder bites you but does no damage.
The adder bites you. The adder misses you. The adder attacks as you move away!
The adder bites you but does no damage.
The adder hisses angrily.
The adder closely misses you.
You see here 2 datura-tipped darts.
A frilled lizard comes into view.
Found a stone staircase leading up.
The adder barely misses you. The adder bites you.
* * * LOW HITPOINT WARNING * * *
You are lethally poisoned!
The adder poisons you!
The frilled lizard moves out of view.
Found a scale mail.
* * * LOW HITPOINT WARNING * * *
You feel sick.
You slash the adder!
The adder is severely wounded.
You die...

#.....#.(...#.
#..............
#........(<.
#....$...... #
#..........[ #.
#...........
.##..#...........
.................
###...#(S@.......
#...####.....#...
..#. #....## # .
..##.# # ..## .#
.l# ## ... ....


You could see a frilled lizard and a neutral adder (fast, strong, insane).

Vanquished Creatures
  An endoplasm (D:1)
  A giant cockroach (D:2)
  A goblin (D:1)
  3 hobgoblins (D:1)
  A kobold (D:1)
  3 bats (D:1)
  A rat (D:1)
11 creatures vanquished.

Vanquished Creatures (collateral kills)
  A ball python (D:2)
1 creature vanquished.

Grand Total: 12 creatures vanquished

Notes
Turn   | Place    | Note
-------+----------+-------------------------------------------
     0 | D:1      | xian the Draconian Fighter began the quest for the Orb.
     0 | D:1      | Reached XP level 1. HP: 19/19 MP: 1/1
   946 | D:1      | Reached XP level 2. HP: 22/26 MP: 2/2
  1320 | D:2      | Succumbed to an adder's poison

Illustrated notes

Levels and vault maps discovered:
D:1:      lemuel_arrival_cross, layout_loops_corners
D:2:      layout_rooms, basic_ecumenical_altar, uniq_crazy_yiuf_cottage

Skill      XL: |  1  2 |
---------------+-------+-----
Dodging        | 3 |  3.0
Fighting       | |  3.4
Long Blades    | |  2.1
Shields        | |  3.1

Action                   || total
-------------------------++-------
Melee: Long sword        ||    45
       Tailslap          ||     2
Throw: Dart              ||     4
  Use: Scroll            ||     6
Armor: Skin              ||    23
Dodge: Dodged            ||    55
Block: Buckler           ||    17

Table legend: (Time is in decaauts)
 A = Elapsed time spent in this place.
 B = Non-inter-level travel time spent in this place.
 C = Inter-level travel time spent in this place.
 D = Time resting spent in this place.
 E = Time spent auto-exploring this place.
 F = Levels seen in this place.
 G = Mean time per level.
                   A        B        C        D        E       F      G
               +--------+--------+--------+--------+--------+-----+--------+
         Total |   1334 |   1315 |     19 |    100 |   1020 |   2 |  667.0 |
       Dungeon |   1334 |   1315 |     19 |    100 |   1020 |   2 |  667.0 |
               +--------+--------+--------+--------+--------+-----+--------+

Top non-repeatable levels by time:
     D:1: 1314 daAuts
     D:2: 19 daAuts
